 Dungeon Crawl Stone Soup version 0.20.1-1-g8b1a95d (webtiles) character file.

187 Murfle the Chopper (level 5, -1/42 HPs)
             Began as a Minotaur Fighter on Sept 30, 2017.
             Was a Follower of Hepliaklqana.
             Killed from afar by an electric eel (12 damage)
             ... with a bolt of electricity
             ... on level 3 of the Dungeon.
             The game lasted 00:06:50 (2045 turns).

Murfle the Chopper (Minotaur Fighter)               Turns: 2045, Time: 00:06:50

Health: -1/42      AC:  8    Str: 25    XL:     5   Next: 39%
Magic:  4/4        EV:  8    Int: 10    God:    Hepliaklqana [*.....]
Gold:   142        SH: 10    Dex: 11    Spells: 4/4 levels left

rFire    . . .     SeeInvis .   a - +0 war axe
rCold    . . .     Gourm    .   c - +0 shield
rNeg     . . .     Faith    .   b - +0 scale mail
rPois    .         Spirit   .   (helmet restricted)
rElec    .         Reflect  .   (no cloak)
rCorr    .         Harm     .   i - +0 pair of gloves {i}
MR       .....                  (no boots)
Stlth    ..........             (no amulet)
Regen    0.2/turn               j - +5 ring of intelligence
MPRegen  0.1/turn               (no ring)

@: mighty, lethally poisoned (-1 -> -3)
A: retaliatory headbutt, reduced essence, horns 2
a: Recall Ancestor, Ancestor Identity, Renounce Religion


You were on level 3 of the Dungeon.
You worshipped Hepliaklqana.
Hepliaklqana was aware of your devotion.
You were not hungry.

You visited 1 branch of the dungeon, and saw 3 of its levels.

You collected 142 gold pieces.

Inventory:

Hand Weapons
 a - a +0 war axe (weapon)
Missiles
 k - 6 tomahawks (quivered)
Armour
 b - a +0 scale mail (worn)
 c - a +0 shield (worn)
 i - a +0 pair of gloves (worn) {i}
Jewellery
 j - a +5 ring of intelligence (left hand)
Wands
 d - a wand of flame (22/48)
Scrolls
 e - 2 scrolls of immolation {unknown}
 h - 2 scrolls of random uselessness {unknown}
 l - a scroll of enchant armour {unknown}
 m - a scroll of enchant weapon {unknown}
 n - a scroll of remove curse
 o - a scroll of amnesia {unknown}
Comestibles
 f - a bread ration
 g - 4 chunks of flesh


   Skills:
 + Level 4.4 Fighting
 + Level 4.7 Axes
 + Level 4.6 Armour
 + Level 0.4 Dodging
 + Level 0.6 Stealth
 + Level 4.3 Shields


You had 4 spell levels left.
You didn't know any spells.

Dungeon Overview and Level Annotations

Branches:
Dungeon (3/15)

Altars:
Hepliaklqana

Annotations:
D:3 1 transporter


Innate Abilities, Weirdness & Mutations

You reflexively headbutt those who attack you in melee.
You have a pair of horns on your head.
Your life essence is reduced to manifest your ancestor. (-10% HP)


Message History

The electric eel shoots out a bolt of lightning at you!
The bolt of electricity misses you. The bolt of electricity hits you!
The bolt of electricity hits the plant.
There is an open door here.
You feel sick.
The electric eel shoots out a bolt of lightning at you!
The bolt of electricity hits you!
* * * LOW HITPOINT WARNING * * *
The bolt of electricity hits the electric eel.
The electric eel completely resists.
The bolt of electricity hits the electric eel.
The electric eel completely resists.
You slice the electric eel!!
You kill the electric eel!
You feel sick.
You swap places.
There is an open door here.
The electric eel shoots out a bolt of lightning at you!
The bolt of electricity hits you!
You die...

..........# #.# . ..
#######...# #.# .#..# ###
####.###########.##.#..#
..#
#......................#
..#
#.###############.#.##..
..###.#8P#≈≈≈≈≈≈≈#P8#.#.#
####..#..#P≈P≈≈.R#..#...#
#...#©?+≈PP⌠P..'..#©..#####
#...#..#PP≈≈≈.@#..#........
#
#...#8P#≈≈≈≈≈≈;#P8#.#######
####..###############†#
.###................))#
..##>#...#########.#...#
..'.......... .........
..##.....#### ###.#...##
.#####..## #.##.## .. .## .
..#


You could see the friendly Ghost Man the ancestor and an electric eel.

Vanquished Creatures
  An electric eel (D:3)
  An orc wizard (D:3)
  4 adders (D:2)
  2 oozes
  2 dart slugs (D:1)
  3 worms (D:2)
  A leopard gecko (D:1)
  3 orcs (D:3)
  10 goblins
  10 hobgoblins
  3 jackals (D:2)
  A quokka (D:2)
  6 bats
  A frilled lizard (D:1)
  8 kobolds
  4 rats
60 creatures vanquished.

Notes
Turn   | Place    | Note
-------+----------+-------------------------------------------
     0 | D:1      | Murfle the Minotaur Fighter began the quest for the Orb.
     0 | D:1      | Reached XP level 1. HP: 19/19 MP: 0/0
   104 | D:1      | Reached XP level 2. HP: 23/27 MP: 1/1
   562 | D:1      | Reached XP level 3. HP: 29/33 MP: 2/2
  1228 | D:2      | Reached XP level 4. HP: 3/40 MP: 3/3
  1952 | D:3      | Found a faded altar of an unknown god.
  1964 | D:3      | Became a worshipper of Hepliaklqana the Forgotten
  1964 | D:3      | Reached * piety under Hepliaklqana
  1997 | D:3      | Found a transporter.
  2015 | D:3      | Found a transporter.
  2033 | D:3      | Reached XP level 5. HP: 41/42 MP: 4/4
  2045 | D:3      | Killed from afar by an electric eel

Skill      XL: |  1  2  3  4 |
---------------+-------------+-----
Armour         | 4 |  4.6
Fighting       | 4 |  4.4
Axes           | 3 4 |  4.7
Shields        | 4 |  4.3
Dodging        | |  0.4
Stealth        | |  0.6

Action                   |  1- 3 |  4- 6 || total
-------------------------+-------+-------++-------
Melee: War axe           |    90 |    50 ||   140
       Headbutt          |    12 |     3 ||    15
Invok: Ancestor Identity |       |     1 ||     1
  Use: Scroll            |     1 |       ||     1
       Potion            |     1 |     5 ||     6
  Eat: Chunk             |     1 |     3 ||     4
Armor: Scale mail        |    38 |    22 ||    60
       Skin              |       |    16 ||    16
Dodge: Dodged            |    25 |    15 ||    40
Block: Shield            |    38 |    32 ||    70
